← All builds
Pond / Armada / Economy first / OBSERVED BUILD

Gunslinger buy

Armada Pond build order · Supreme Isthmus

Pond pays Tech for Gunslinger skirmish bots delivered around 5:03 to reinforce front, but the example shows it coming after the front already collapsed.

#team support · 39 distinct matches · 21 players · 4% of Armada Pond games · team won 38% of 39 · Recently observed

THE CATCH, AND WHAT COMES WITH IT
  • GunslingerGunslinger from Tech arrives 5:03 · 3% of role by thenTech makes it and hands it over.

Paid for by sending allies about 630 metal and 13,000 energy by 5:00; standard pond sends 180 metal and 9,500 energy.

Where those units first fight, in 36 games with kill data: in the middle 86%, on their own side 14%.

Those units destroy a typical 1,480 metal of enemy units by 15:00.

Then transitions into tick (23% of army), centurion (12% of army), pawn (11% of army).

Phase by phase

TYPICAL OF ITS 39 GAMES · AGAINST STANDARD POND
  1. 1
  2. 2
PLAY THE OPENING

Follow the example game's first 6:03 step by step: what to build now, what comes next, and where it goes. At 1× it keeps pace with your own game.

  1. 1

    Up to the Bot Lab

    Economy
    • Metal Extractor4Mex
    • Tidal Generator8Tidalfor allies
    • Wind Turbine6Wind
    • Tidal Generator1Tidal
    • Energy Storage1Energy storage
    Order
    1. Bot LabBot Lab after 4 mex, 6 wind, 1 energy storagedone ~4:20, middle half 3:23–8:14

    Some games also: converter (44%)

    By 4:03 in all: 4 mex · 6 wind · 1 tidal · 1 energy storage

    The example game in this phase · 5 steps
    1. Tidal ×11for Suicide front
    2. Tidal
    3. Mex ×4
    4. Wind ×2
    5. Bot LabBot Labdone 3:22 · typical 4:20
  2. 2

    Bot Lab to 10:00

    Economy
    • Wind Turbine16Wind−13 vs standard
    • Energy Converter1Converter−5 vs standard
    Builders
    • Construction Bot3 Con bot

    Some games also: con turret (49%) · Lazarus (44%) · tick (31%)

    The standard build makes here, this one skips: 2 con turret

    By 10:00 in all: 4 mex · 36 wind · 1 tidal · 6 converter · 1 energy storage · 1 con turret

    The example game in this phase · 203 steps
    1. Wind
    2. CenturionCenturion
    3. Wind ×5
    4. CenturionCenturion
    5. Construction BotCon bot ×5
    6. PawnPawn ×9
    7. Windfor Suicide front
    8. PawnPawn
    9. Windfor Suicide front
    10. PawnPawn
    11. LazarusLazarus
    12. Windfor Suicide front
    13. LazarusLazarus
    14. Windfor Suicide front
    15. PawnPawn
    16. Windfor Suicide front
    17. PawnPawn ×2
    18. Windfor Suicide front
    19. PawnPawn ×2
    20. Windfor Suicide front
    21. PawnPawn
    22. Windfor Suicide front
    23. PawnPawn ×2
    24. Windfor Suicide front
    25. PawnPawn ×2
    26. Windfor Suicide front
    27. PawnPawn
    28. Windfor Suicide front
    29. PawnPawn ×2
    30. Windfor Suicide front
    31. PawnPawn ×2
    32. Windfor Suicide front
    33. Construction BotCon bot
    34. Windfor Suicide front
    35. Construction BotCon bot
    36. Windfor Suicide front
    37. Construction BotCon bot
    38. Windfor Suicide front
    39. Construction BotCon bot
    40. Windfor Suicide front
    41. Construction BotCon bot
    42. Windfor Suicide front
    43. Construction BotCon bot
    44. PawnPawn
    45. Windfor Suicide front
    46. Advanced Metal ExtractorT2 mexdone 9:28 · typical 9:20
    47. Wind ×5for Suicide front
    48. Wind ×3
    49. Converter
    50. Advanced Metal ExtractorT2 mex
    51. Wind ×3
    52. Converter
    53. Wind ×3
    54. Converter
    55. Wind ×2
    56. Advanced Metal ExtractorT2 mex
    57. Wind ×2
    58. Converter
    59. Wind ×3
    60. Converter
    61. Wind ×3
    62. Converter
    63. Wind ×3
    64. Converter
    65. Advanced Metal ExtractorT2 mex
    66. Wind ×3
    67. Converter
    68. Wind ×3
    69. Bot LabBot Labdone 11:13
    70. Converter
    71. Wind ×3
    72. Construction BotCon bot
    73. Converter
    74. Wind ×2
    75. Construction BotCon bot
    76. Wind ×2
    77. Converter
    78. Construction BotCon bot
    79. Wind ×2
    80. Construction BotCon bot
    81. Wind
    82. Converter
    83. Wind
    84. Construction BotCon bot
    85. Wind ×3
    86. ShipyardShipyarddone 12:12
    87. Construction BotCon bot
    88. Wind
    89. Converter
    90. Wind ×5
    91. Construction BotCon bot
    92. Converter
    93. Wind ×2
    94. Construction ShipCon ship
    95. Wind
    96. Construction BotCon bot
    97. Wind ×3
    98. Converter
    99. Construction ShipCon ship
    100. Wind ×2
    101. Construction BotCon bot
    102. Wind ×3
    103. Converter
    104. Construction ShipCon ship
    105. Wind ×4
    106. Construction BotCon bot
    107. Construction ShipCon ship
    108. Wind
    109. Converter
    110. Wind ×2
    111. Converter
    112. Construction ShipCon ship
    113. Wind ×3
    114. Construction BotCon bot
    115. Converter
    116. Wind ×3
    117. Converter
    118. Wind
    119. Naval Energy Converter
    120. Construction BotCon bot
    121. Wind ×2
    122. Naval Energy Converter
    123. Wind
    124. Converter
    125. Wind
    126. Converter
    127. Wind ×2
    128. Construction BotCon botfor Suicide front
    129. Wind
    130. Naval Construction Turret
    131. Wind ×3
    132. Converter
    133. Wind
    134. Converter
    135. Wind
    136. Construction BotCon botfor Suicide front
    137. Naval Construction Turret
    138. Wind ×5
    139. Naval Construction Turret
    140. Wind
    141. Construction BotCon botfor Suicide front
    142. Converter ×2
    143. Wind
    144. Converter
    145. Wind
    146. Naval Construction Turret
    147. Wind ×3
    148. Naval Construction Turret
    149. Wind ×2
    150. Construction BotCon bot
    151. Converter
    152. Wind
    153. Naval Construction Turret
    154. Wind
    155. Converter
    156. Wind
    157. Naval Construction Turret
    158. Converter
    159. Wind ×5
    160. Naval Construction Turret
    161. Wind
    162. Converter ×2
    163. Wind ×2
    164. Converter
    165. Wind ×3
    166. Naval Construction Turret
    167. Wind ×2
    168. Converter
    169. Wind
    170. Naval Construction Turret
    171. Converter ×2
    172. Wind ×3
    173. Naval Construction Turret
    174. Wind
    175. Naval Construction Turret
    176. Wind
    177. Naval Construction Turret
    178. Wind
    179. Converter
    180. Wind
    181. Converter
    182. Wind ×2
    183. Converter
    184. Naval Construction Turret
    185. Wind ×2
    186. Converter
    187. Wind
    188. Naval Construction Turret
    189. Wind
    190. Converter
    191. Wind ×2
    192. Naval Construction Turret
    193. Converter
    194. Wind ×2
    195. Seaplane PlatformSeaplane Platformnot finished by 15:00
    196. Wind
    197. Converter
    198. Wind
    199. Naval Energy Storage
    200. Wind
    201. Converter
    202. Wind ×2
    203. Converter

Counts are medians over the build's games: half of them build more, half fewer. The example game is Viltrum's (40 OS, 05/09/2026); pick another.

Team trades

IN AT LEAST 30% OF ITS GAMES

You hand over

  • Tidal Generator8 Tidal to Suicide front or Frontfirst at 0:10 · in 100% of games

You get

  • Hercules1 Light transport from Air or Techfirst at 4:25 · in 33% of games
  • Gunslinger1 Gunslinger from Techfirst at 5:03 · in 100% of games
  • Advanced Construction Bot1 T2 con bot from Techfirst at 7:39 · in 97% of games

How it plays out

Typical game of this build against the role’s standard build, running totals by minute

  • This build
  • Standard pond

Metal produced

010k20k30k
0:005:0010:0015:00

metal

Enemy metal destroyed

02k4k6k
0:005:0010:0015:00

metal

Own metal lost

02k4k6k
0:005:0010:0015:00

metal

Metal sent to allies

01k2k
0:005:0010:0015:00

metal

Energy sent to allies

025k50k75k
0:005:0010:0015:00

metal

39 games.

Show as table
ByMetal produced: This buildMetal produced: Standard pondEnemy metal destroyed: This buildEnemy metal destroyed: Standard pondOwn metal lost: This buildOwn metal lost: Standard pondMetal sent to allies: This buildMetal sent to allies: Standard pondEnergy sent to allies: This buildEnergy sent to allies: Standard pond
1:0011511500000013211246
2:0026827800000028572552
3:0077582600000054683993
4:00144715060000361079786169
5:00218522340000627184134539516
6:00289230531300007333991766414127
7:0038313980684012909035222046716808
8:004929496214012783788610155912634721320
9:0061786223233555165027012766322742522939
10:00752676952584764106839215306373246926552
11:00955797133062940130468817257433487530310
12:001162412311318212861722107817257854581231879
13:001380014783458717832075160417948335504934636
14:001607517678466122764076224617949565771237771
15:001887320172531428454780303817949926003141211
THE EXAMPLE YOU ARE READING

Viltrum

40.3 OS · 05/09/2026

Open source match ↗

9 received units · includes a constructor
35 metal received · 9609 energy received

Allied construction assistance is unknown. Timings are observations, not a promise of solo reproducibility.

Typical milestones

Bot Lab4:20Middle 50%: 3:23–8:14 · n=39
Advanced Metal Extractor9:20Middle 50%: 8:40–10:16 · n=36

Played most by

Viltrum9games of this buildDeathkebab4games of this buildChaoticNoob3games of this buildGeeGee3games of this buildmaccommander3games of this build